 Dungeon Crawl Stone Soup version 0.29-a0-872-g797fff5ad1 (webtiles) character file.

Game seed: 16911552458930481917

281 Turgor the Sneak (level 6, -1/48 HPs)
             Began as a Demonspawn Delver on July 18, 2022.
             Was a Believer of Kikubaaqudgha.
             Slain by Duvessa
             ... wielding a +0 rapier
              (9 damage)
             ... on level 6 of the Dungeon.
             The game lasted 00:34:19 (4459 turns).

Turgor the Sneak (Demonspawn Delver)                Turns: 4459, Time: 00:34:21

Health: -1/48      AC:  5    Str: 12    XL:     6   Next: 6%
Magic:  9/9        EV: 12    Int: 14    God:    Kikubaaqudgha [**....]
Gold:   196        SH:  0    Dex: 14    Spells: 6/9 levels left

rFire   . . .      SeeInvis +   k - +4 mace
rCold   . . .      Faith    .   (no shield)
rNeg    . . .      Spirit   .   b - +0 leather armour
rPois   .          Reflect  .   (helmet restricted)
rElec   .          Harm     .   (no cloak)
rCorr   .          Rampage  .   (no gloves)
Will    .....                   r - +0 pair of boots
Stlth   +++.......              (no amulet)
HPRegen 0.16/turn               q - ring of see invisible
MPRegen 0.11/turn               (no ring)

@: about to teleport
A: horns 2, powered by pain 1, sharp scales 1
a: Renounce Religion, Unearth Wretches


You were on level 6 of the Dungeon.
You worshipped Kikubaaqudgha.
Kikubaaqudgha was pleased with you.
You visited 1 branch of the dungeon, and saw 7 of its levels.

You collected 196 gold pieces.

Inventory:

Hand Weapons
 a - a +0 hand axe
 k - a +4 mace (weapon)
Missiles
 v - 5 poisoned darts (quivered)
Armour
 b - a +0 leather armour (worn)
 e - a +0 chain mail
 r - a +0 pair of boots (worn)
Jewellery
 q - a ring of see invisible (left hand)
Wands
 g - a wand of digging (3)
Scrolls
 d - a scroll of acquirement {unknown}
 h - a scroll of poison {unknown}
 m - 2 scrolls of vulnerability {unknown}
 n - a scroll of identify {unknown}
 u - a scroll of torment {unknown}
 A - a scroll of amnesia {unknown}
Potions
 f - a potion of might {unknown}
 i - a potion of cancellation {unknown}
 j - a potion of magic {unknown}
 l - a potion of lignification
 p - a potion of curing
 s - a potion of berserk rage {unknown}
 t - a potion of ambrosia
 x - a potion of flight {unknown}
 z - a potion of degeneration {unknown}


   Skills:
 + Level 3.7 Fighting
 + Level 3.1 Axes
 + Level 2.0 Armour
 - Level 2.0 Dodging
 - Level 5.0 Stealth
 + Level 2.0 Spellcasting
 + Level 2.3 Necromancy


You had 6 spell levels left.
You knew the following spells:

 Your Spells              Type           Power      Damage    Failure   Level
a - Necrotise             Necr           28%        1d5       12%         1
b - Sublimation of Blood  Necr           7%         N/A       19%         2

Your spell library contained the following spells:

 Spells                   Type           Power      Damage    Failure   Level
 Shock                    Conj/Air       4%         1d3       30%         1
 Vampiric Draining        Necr           7%         2d6       34%         3
 Conjure Flame            Conj/Fire      1%         6-21      65%         3
 Ignite Poison            Fire/Tmut/Pois 1%         N/A       65%         3
 Swiftness                Air            1%         N/A       65%         3
 Anguish                  Hex/Necr       2%         N/A       88%         4
 Airstrike                Air            0%         0-2+      96%         4
 Sticky Flame             Conj/Fire      1%         2d3       96%         4
 Summon Lightning Spire   Summ/Air       1%         N/A       96%         4
 Storm Form               Tmut/Air       0%         N/A       100%        7
 Maxwell's Capacitive Co  Air            0%         ∞         100%        8


Dungeon Overview and Level Annotations

Branches:
Dungeon (7/15)             Temple (0/1) D:6

Altars:
Kikubaaqudgha

Annotations:
D:2 Terence
D:3 1 runed translucent door, NigelTetley's ghost, amateur OpTm
D:6 Blork the orc; Dowan; Duvessa; Grinder


Innate Abilities, Weirdness & Mutations

You have a pair of horns on your head.
You sometimes gain a little power by taking damage.
You are partially covered in razor-sharp scales. (AC +1, Slay +1)


Message History

Unknown command.
You hit the shadow imp but do no damage.
Your headbutt misses the shadow imp.
The shadow imp is heavily wounded.
The orc hits you with a +0 dagger. The shadow imp barely misses you.
The orc barely misses you.
Unknown command.
You sock the shadow imp!
You kill the shadow imp!
Kikubaaqudgha accepts your kill. The orc barely misses you.
The orc hits you with a +0 dagger.
You hit the orc. Your headbutt misses the orc.
The orc is severely wounded.
The orc hits you but does no damage. The orc hits you with a +0 dagger.
The orc closely misses you. The orc hits you but does no damage.
Unknown command.
You closely miss the orc.
The orc is severely wounded.
The orc hits you but does no damage. x2; The orc hits you with a +0 club.
Unknown command.
As you read the scroll of teleportation, it crumbles to dust.
You feel strangely unstable. The orc hits you with a +0 dagger.
* * * LOW HITPOINT WARNING * * *
The orc barely misses you. The orc hits you but does no damage.
Unknown command.
You thump the orc!
You kill the orc!
Kikubaaqudgha accepts your kill. The orc barely misses you. The orc misses you.
Your Armour skill increases to level 2!
Unknown command.
You hit Duvessa.
Duvessa is lightly wounded.
The orc hits you with a +0 club.
* * * LOW HITPOINT WARNING * * *
The orc hits you with a +0 dagger.
* * * LOW HITPOINT WARNING * * *
Duvessa hits you with a +0 rapier!
You die...
Kikubaaqudgha rasps: "You have failed me!
Welcome... death!"

###...........
.......$...... ##.
............. ##...
.#..........
#.....##...........
#....##............
#...##............
#.....#.oeo...... #
##..o####@.....). #
##....# ##......#
## #.....## #....##
#. #......### #..##
# #........# ### #
##...e.....#
#......#.#..#
#............
#......#.#...


You could see Duvessa and 2 orcs.

Vanquished Creatures
  An ice beast (D:7)
  Jessica (D:3)
  An iguana (D:7)
  An orc wizard (D:7)
  4 adders
  A shadow imp (D:6)
  A worm (D:2)
  3 dart slugs
  2 orcs
  4 endoplasms
  2 giant cockroaches
  5 goblins
  9 hobgoblins
  5 jackals
  2 quokkas
  3 ball pythons
  7 bats
  3 frilled lizards
  4 kobolds
  5 rats
64 creatures vanquished.

Vanquished Creatures (others)
  4 plants (D:7)
4 creatures vanquished.

Grand Total: 68 creatures vanquished

Notes
Turn   | Place    | Note
-------+----------+-------------------------------------------
     0 | D:5      | Turgor the Demonspawn Delver began the quest for the Orb.
     0 | D:5      | Reached XP level 1. HP: 18/18 MP: 1/1
     4 | D:5      | Noticed a necrophage
    30 | D:3      | Noticed Jessica
   432 | D:1      | Gained mutation: You have a pair of small horns on your
                  | head. [demonic ancestry]
   432 | D:1      | Reached XP level 2. HP: 24/24 MP: 2/2
   560 | D:1      | Found a faded altar of an unknown god.
   564 | D:1      | Prayed at the altar of an unknown god.
   564 | D:1      | Became a worshipper of Kikubaaqudgha
   564 | D:1      | Reached * piety under Kikubaaqudgha
   564 | D:1      | Received a gift from Kikubaaqudgha
   567 | D:1      | Learned a level 1 spell: Necrotise
  1822 | D:2      | Gained mutation: You have a pair of horns on your head.
                  | [demonic ancestry]
  1822 | D:2      | Reached XP level 3. HP: 29/29 MP: 2/4
  1970 | D:2      | Reached skill level 1 in Necromancy
  2257 | D:2      | Noticed Terence
  2302 | D:2      | Reached ** piety under Kikubaaqudgha
  2303 | D:2      | Reached skill level 1 in Spellcasting
  2306 | D:2      | Learned a level 2 spell: Sublimation of Blood
  2707 | D:3      | Reached XP level 4. HP: 34/35 MP: 2/5
  2919 | D:3      | Found a runed translucent door.
  2941 | D:3      | Noticed NigelTetley's ghost (amateur OpTm)
  2991 | D:3      | Killed Jessica
  2992 | D:3      | Reached skill level 1 in Armour
  3676 | D:4      | You fall into a shaft and drop 3 floors!
  3761 | D:7      | Noticed a centaur
  3770 | D:7      | Noticed an orc warrior
  3772 | D:7      | Noticed a phantom
  3795 | D:7      | Gained mutation: You sometimes gain a little power by
                  | taking damage. [demonic ancestry]
  3795 | D:7      | Reached XP level 5. HP: 19/41 MP: 7/7
  3978 | D:7      | Noticed an ice beast
  3993 | D:7      | Killed an ice beast
  3994 | D:7      | Reached skill level 5 in Stealth
  4260 | D:7      | Gained mutation: You are partially covered in razor-sharp
                  | scales. (AC +1, Slay +1) [demonic ancestry]
  4260 | D:7      | Reached XP level 6. HP: 47/48 MP: 4/9
  4318 | D:6      | Noticed Dowan
  4327 | D:6      | Noticed Blork the orc
  4336 | D:6      | Noticed a water moccasin
  4339 | D:6      | Found a staircase to the Ecumenical Temple.
  4346 | D:6      | Noticed Grinder
  4354 | D:6      | Paralysed by Grinder for 5 turns
  4430 | D:6      | Noticed Duvessa
  4459 | D:6      | Slain by Duvessa

Illustrated notes

Levels and vault maps discovered:
D:1:      heliophobic_arrival_battle_scene, layout_basic,
          nicolae_ecumenical_lake_church
D:2:      layout_rooms, uniq_terence
D:3:      layout_rooms, ebering_ghost_sewer_d, minmay_between, uniq_jessica
D:4:      layout_cave_pods
D:5:      layout_cave_pools, skrybe_limestone_x, nicolae_shop_self_help
D:6:      layout_cave_pods, minmay_temple_entry_large_hall, serial_glass,
          glass_columns_a, glass_columns_b, glass_columns_a, glass_columns_a,
          glass_columns_c, glass_columns_a, guppyfry_early_elven_hall,
          uniq_grinder, uniq_blork_the_orc, uniq_duvessa
D:7:      layout_loops_ring, worms_lemuel

Skill      XL: |  1  2  3  4  5  6 |
---------------+-------------------+-----
Axes           | 2 3 |  3.1
Dodging        | 2 |  2.0
Necromancy     | 1 2 |  2.3
Spellcasting   | 1 2 |  2.0
Armour         | 1 2 |  2.0
Stealth        | 5 |  5.0
Fighting       | |  3.7

Action                   |  1- 3 |  4- 6 || total
-------------------------+-------+-------++-------
Melee: Hand axe          |    62 |       ||    62
       Punch             |     2 |     2 ||     4
       Mace              |    40 |    80 ||   120
       Headbutt          |     9 |     5 ||    14
Throw: Stone             |     2 |       ||     2
       Javelin           |       |     7 ||     7
 Cast: Necrotise         |       |     3 ||     3
  Use: Scroll            |     2 |     7 ||     9
       Potion            |     2 |     2 ||     4
 Stab: Sleeping          |     7 |     1 ||     8
Armor: Leather armour    |    29 |    32 ||    61
Dodge: Dodged            |    66 |    51 ||   117

Table legend: (Time is in decaauts)
 A = Elapsed time spent in this place.
 B = Non-inter-level travel time spent in this place.
 C = Inter-level travel time spent in this place.
 D = Time resting spent in this place.
 E = Time spent auto-exploring this place.
 F = Levels seen in this place.
 G = Mean time per level.
                   A        B        C        D        E       F      G
               +--------+--------+--------+--------+--------+-----+--------+
         Total |   4494 |   4388 |    106 |   1000 |   2121 |   7 |  642.0 |
       Dungeon |   4494 |   4388 |    106 |   1000 |   2121 |   7 |  642.0 |
               +--------+--------+--------+--------+--------+-----+--------+

Top non-repeatable levels by time:
     D:1: 1855 daAuts
     D:3: 911 daAuts
     D:2: 818 daAuts
     D:7: 643 daAuts
     D:6: 150 daAuts
     D:4: 106 daAuts
     D:5: 9 daAuts
